 Seeded DCSS version 0.28-a0-1002-gf00fe89 (webtiles) character file.

Game seed: 7182132626229169713 (custom seed)

2082 simpld the Skirmisher (level 9, -11/88 (94) HPs)
             Began as an Ogre Necromancer on Dec 6, 2021.
             Was a Follower of Makhleb.
             Mangled by Harold (20 damage)
             ... on level 8 of the Dungeon.
             The game lasted 01:28:58 (6535 turns).

simpld the Skirmisher (Ogre Necromancer)            Turns: 6535, Time: 01:28:58

HP:   -11/88 (94)   AC: 10    Str: 18    XL:     9   Next: 27%
MP:   15/19         EV:  9    Int: 16    God:    Makhleb [*.....]
Gold: 204           SH:  0    Dex:  9    Spells: 11/22 levels left

rFire   . . .      SeeInvis .   u - +1 dire flail (protect)
rCold   . . .      Faith    .   (shield currently unavailable)
rNeg    . . .      Spirit   .   a - +0 robe
rPois   .          Reflect  .   (helmet restricted)
rElec   .          Harm     .   i - scarf {repulsion}
rCorr   .          Rampage  .   (gloves unavailable)
Will    .....                   (boots unavailable)
Stlth   +.........              (no amulet)
HPRegen 0.24/turn               (no ring)
MPRegen 0.16/turn               (no ring)

@: marked, under a protective aura, drained, repel missiles
A: large, unfitting armour, tough skin 1
a: Renounce Religion


You were on level 8 of the Dungeon.
You worshipped Makhleb.
Makhleb was aware of your devotion.
You visited 2 branches of the dungeon, and saw 9 of its levels.

You collected 204 gold pieces.

Inventory:

Hand Weapons
 b - a +0 dagger
 o - a +0 whip
 r - a +0 hand axe
 u - a +1 dire flail of protection (weapon)
 w - a +0 morningstar
 x - a +4 falchion of freezing
 z - a +1 whip of freezing
 A - a +0 dagger of electrocution
 B - a +6 short sword
 C - a +3 falchion
 D - a +0 war axe
Missiles
 c - 44 stones
 e - 33 poisoned darts (quivered)
Armour
 a - a +0 robe (worn)
 i - a scarf of repulsion (worn)
 v - a +0 pair of gloves
Magical Staves
 g - a staff of fire
Wands
 h - a wand of acid (6)
 y - a wand of iceblast (21)
Scrolls
 j - 2 scrolls of noise
 l - 3 scrolls of teleportation
 q - a scroll of vulnerability
 s - a scroll of blinking
Potions
 d - a potion of invisibility {@w1}
 f - a potion of degeneration
 k - a potion of might
 m - 3 potions of curing
 n - a potion of flight {unknown}
 p - 2 potions of brilliance
 t - a potion of magic {unknown}
 E - a potion of heal wounds


   Skills:
 + Level 7.7 Fighting
 - Level 1.7(3.6) Axes
 + Level 4.5(4.7) Maces & Flails
 - Level 1.8 Dodging
 - Level 1.4 Stealth
 + Level 7.0 Spellcasting
 + Level 6.6 Necromancy
 + Level 0.0 Translocations


You had 11 spell levels left.
You knew the following spells:

 Your Spells              Type           Power      Damage    Failure   Level
a - Pain                  Necr           100%       1d9       1%          1
b - Vampiric Draining     Necr           26%        2d7       2%          3
c - Animate Dead          Necr           13%        N/A       9%          4
d - Animate Skeleton      Necr           52%        N/A       1%          1
e - Blink                 Tloc           10%        N/A       19%         2

Your spell library contained the following spells:

 Spells                   Type           Power      Damage    Failure   Level
 Agony                    Necr           26%        N/A       22%         5
 Ignite Poison            Fire/Tmut/Pois 5%         N/A       36%         3
 Mephitic Cloud           Conj/Pois/Air  5%         N/A       36%         3
 Freezing Cloud           Conj/Ice/Air   2%         6-21      98%         5
 Manifold Assault         Tloc           5%         N/A       98%         5
 Storm Form               Tmut/Air       2%         N/A       100%        7


Dungeon Overview and Level Annotations

Branches:
Dungeon (8/15)             Temple (1/1) D:5
   Lair: D:8-11

Altars:
Cheibriados
Dithmenos
Elyvilon
Fedhas
Gozag
Hepliaklqana
Kikubaaqudgha
Makhleb
Nemelex Xobeh
Okawaru
Qazlal
Ru
Sif Muna
Trog
Uskayaw
Vehumet
Wu Jian
Xom
Yredelemnul
Zin

Shops:
D:1 [   D:7 (

Annotations:
D:8 Harold


Innate Abilities, Weirdness & Mutations

You are too large for most types of armour.
You have tough skin. (AC +1)


Message History

Casting: Pain (safe; 1% risk of failure)
Confirm with . or Enter, or press ? or * to list all spells.
Aiming: Pain (safe; 1% risk of failure)
Press: ? - help, Shift-Dir - straight line, f/p - Harold
Aim: Harold, wielding a +0 trident and wearing a +0 ring mail (lightly wounded, chance to affect: 54%) Harold resists with significant effort.
Harold fires a harpoon shot at you.
The harpoon shot is repelled.
Casting: Pain (safe; 1% risk of failure)
Confirm with . or Enter, or press ? or * to list all spells.
Aiming: Pain (safe; 1% risk of failure)
Press: ? - help, Shift-Dir - straight line, f/p - Harold
Aim: Harold, wielding a +0 trident and wearing a +0 ring mail (lightly wounded, chance to affect: 54%) Harold writhes in agony.
Harold hits you from afar with a +0 trident!
Harold hits you with a +0 trident!
Unknown command.
You hit Harold.
Your weapon exudes an aura of protection.
Harold is lightly wounded.
Harold hits you but does no damage.
You puncture Harold!
Harold is moderately wounded.
Harold hits you with a +0 trident!
You hit Harold.
Harold is heavily wounded.
Harold hits you but does no damage.
You puncture Harold!
Harold is heavily wounded.
Harold drinks a potion.
Harold is healed!
You hit Harold.
Harold is heavily wounded.
Harold yells, "I don't have all day!"
Harold hits you with a +0 trident!
You hit Harold.
Harold is heavily wounded.
Harold hits you with a +0 trident!!
* * * LOW HITPOINT WARNING * * *
Harold hits you with a +0 trident!!
You die...

#....# #...(#####
#
#####....######.##
#...>#........
#....'........
#....#'###..#
#####....####
#.@..#..#
#..@<#..#
#....#..#
#....'..#
#....#..#
#....#+## ........
.........
..........
..........


You could see Harold.

Vanquished Creatures
  Pikel (D:4)
  A water moccasin (D:5)
  A hornet zombie (D:6)
  A sky beast (D:5)
  3 black bears (D:6)
  2 ogres (D:6)
  A necrophage (D:5)
  A centaur (D:6)
  2 lemures (D:4)
  A wyvern zombie (D:6)
  A water moccasin skeleton (D:5)
  4 wights
  A howler monkey (D:5)
  2 jellies (D:5)
  A hound (D:5)
  An orc priest (D:5)
  Ijyb (D:5)
  Natasha (D:2)
  Terence (D:1)
  An iguana (D:5)
  2 orc wizards (D:5)
  8 adders
  An adder skeleton (D:4)
  8 orcs
  4 ball pythons
  6 bats
  10 endoplasms
  A giant cockroach (D:1)
  2 hobgoblins
  4 jackals (D:1)
  2 quokkas (D:1)
  3 frilled lizards
  6 goblins
  7 kobolds
  5 rats
97 creatures vanquished.

Notes
Turn   | Place    | Note
-------+----------+-------------------------------------------
     0 | D:1      | simpld the Ogre Necromancer began the quest for the Orb.
     0 | D:1      | Reached XP level 1. HP: 16/16 MP: 3/3
     4 | D:1      | Noticed an elephant
     7 | D:1      | Noticed an anaconda
   208 | D:1      | Reached XP level 2. HP: 17/26 MP: 5/5
   236 | D:2      | Noticed Terence
   522 | D:2      | Reached skill level 1 in Fighting
   806 | D:3      | Reached XP level 3. HP: 25/33 MP: 0/7
   891 | D:3      | Found a hazy altar of Hepliaklqana.
  1025 | D:3      | Found an ancient bone altar of Kikubaaqudgha.
  1267 | D:1      | Killed Terence
  1268 | D:1      | Reached XP level 4. HP: 16/44 MP: 0/9
  1529 | D:1      | Found a faded altar of an unknown god.
  1534 | D:1      | Found Tepag's Antique Armour Emporium.
  1743 | D:2      | Learned a level 3 spell: Vampiric Draining
  1748 | D:2      | Learned a level 4 spell: Animate Dead
  1752 | D:2      | Noticed Natasha
  1827 | D:2      | Killed Natasha
  1828 | D:2      | Reached skill level 1 in Axes
  1828 | D:2      | Reached XP level 5. HP: 12/53 MP: 4/10
  2057 | D:4      | You fall into a shaft and drop 2 floors!
  2069 | D:6      | Noticed a centaur
  2098 | D:5      | Entered Level 5 of the Dungeon
  2206 | D:5      | Noticed a water moccasin
  2584 | D:5      | Reached XP level 6. HP: 46/61 MP: 5/12
  2893 | D:6      | Noticed a black bear
  2901 | D:5      | Reached skill level 1 in Maces & Flails
  3098 | D:5      | Noticed an ice beast
  3114 | D:5      | Found a staircase to the Ecumenical Temple.
  3120 | Temple   | Entered the Ecumenical Temple
  3358 | Temple   | Became a worshipper of Makhleb the Destroyer
  3535 | D:4      | Noticed a necrophage
  3833 | D:4      | Noticed Pikel
  3843 | D:4      | Killed Pikel
  3844 | D:4      | Reached skill level 5 in Fighting
  3844 | D:4      | Reached skill level 5 in Spellcasting
  3844 | D:4      | Reached skill level 5 in Necromancy
  3844 | D:4      | Reached XP level 7. HP: 20/72 MP: 6/15
  3844 | D:4      | Reached XP level 8. HP: 23/81 MP: 6/16
  4169 | D:5      | Noticed Ijyb
  4172 | D:5      | Killed Ijyb
  4367 | D:6      | Learned a level 1 spell: Animate Skeleton
  4540 | D:5      | HP: 4/83 [poisoned by a water moccasin]
  4936 | D:5      | Found an ornate altar of the Wu Jian Council.
  5570 | D:6      | Found a sparkling altar of Nemelex Xobeh.
  5575 | D:6      | Reached XP level 9. HP: 45/93 MP: 13/19
  5895 | D:5      | Identified a scroll of acquirement
  5895 | D:5      | Acquired a +1 dire flail of protection
  6139 | D:7      | Found Peiph's Weapon Shop.
  6335 | D:7      | Learned a level 2 spell: Blink
  6469 | D:7      | Reached * piety under Makhleb
  6500 | D:8      | Noticed Harold
  6535 | D:8      | Mangled by Harold

Illustrated notes

Levels and vault maps discovered:
D:1:      sevenhm_arrival_forest_fort_small_2, layout_rooms, serial_shops, shop,
          hellmonk_ecumenical_altar_heavens_door
D:2:      layout_basic, grunt_decor_clamped, uniq_crazy_yiuf_cottage,
          uniq_terence, uniq_natasha
D:3:      layout_basic, pf_just_have_faith, mainiacjoe_overflow_alcove_4,
          minivault_25, minmay_misc_feat_iff
D:4:      layout_gridville, minmay_goblin_outpost, uniq_pikel
D:5:      layout_gridville, general_overflow_altar, minmay_temple_entry_ruins,
          minmay_misc_feat_enclosed, uniq_ijyb
D:6:      layout_basic, nemelex_dance_club_becter
D:7:      layout_loops_corners, serial_shops, nicolae_shop_bloodbath_and_beyond
D:8:      layout_gridville, cheibrodos_ashenzari_chains, uniq_harold
Temple:   regret_index_temple_sphere_string

Skill      XL: |  1  2  3  4  5  6  7  8  9 |
---------------+----------------------------+-----
Fighting       | 1 2 3 5 7 |  7.7
Spellcasting   | 3 4 5 6 7 |  7.0
Necromancy     | 4 5 6 |  6.6
Axes           | 1 |  1.7
Maces & Flails | 2 4 |  4.5
Dodging        | |  1.8
Stealth        | |  1.4

Action                   |  1- 3 |  4- 6 |  7- 9 || total
-------------------------+-------+-------+-------++-------
Melee: Unarmed           |    19 |       |       ||    19
       Dagger            |    39 |       |       ||    39
       Hand axe          |       |    65 |       ||    65
       Morningstar       |       |    28 |    34 ||    62
       Whip              |       |       |     7 ||     7
       Dire flail        |       |       |    30 ||    30
Throw: Dart              |     1 |       |     4 ||     5
 Cast: Pain              |    38 |    88 |    76 ||   202
       Animate Skeleton  |       |       |     1 ||     1
Evoke: Wand              |       |     3 |     5 ||     8
  Use: Scroll            |       |     4 |    10 ||    14
 Stab: Sleeping          |     2 |     1 |       ||     3
Armor: Robe              |    19 |    42 |    29 ||    90
Dodge: Dodged            |    42 |    77 |    56 ||   175
       Repelled          |       |       |     1 ||     1

Table legend: (Time is in decaauts)
 A = Elapsed time spent in this place.
 B = Non-inter-level travel time spent in this place.
 C = Inter-level travel time spent in this place.
 D = Time resting spent in this place.
 E = Time spent auto-exploring this place.
 F = Levels seen in this place.
 G = Mean time per level.
                   A        B        C        D        E       F      G
               +--------+--------+--------+--------+--------+-----+--------+
         Total |   7113 |   6821 |    292 |    384 |    178 |   9 |  790.3 |
       Dungeon |   6850 |   6582 |    268 |    384 |      0 |   8 |  856.2 |
        Temple |    263 |    239 |     24 |      0 |    178 |   1 |  263.0 |
               +--------+--------+--------+--------+--------+-----+--------+

Top non-repeatable levels by time:
     D:5: 2644 daAuts
     D:1: 944 daAuts
     D:6: 940 daAuts
     D:4: 689 daAuts
     D:3: 669 daAuts
     D:2: 525 daAuts
     D:7: 378 daAuts
  Temple: 263 daAuts
     D:8: 58 daAuts
